 Dungeon Crawl Stone Soup version 0.24-a0-250-g6074511 (webtiles) character file.

Game seed: 890571410610168551

205 Borgoz the Skirmisher (level 5, -9/49 HPs)
             Began as a Gargoyle Monk on Apr 15, 2019.
             Killed by divine providence
             ... invoked by an orc priest
              (13 damage)
             ... on level 3 of the Dungeon.
             The game lasted 00:07:26 (3129 turns).

Borgoz the Skirmisher (Gargoyle Monk)               Turns: 3129, Time: 00:07:27

Health: -9/49      AC: 22    Str: 14    XL:     5   Next: 83%
Magic:  5/5        EV:  2    Int: 11    God:
Gold:   148        SH:  0    Dex: 13    Spells: 4/4 levels left

rFire    . . .     SeeInvis .   a - +0 short sword
rCold    . . .     Gourm    .   (no shield)
rNeg     + + +     Faith    .   (armour currently unavailable)
rPois    ∞         Spirit   .   (helmet currently unavailable)
rElec    .         Reflect  .   (cloak currently unavailable)
rCorr    .         Harm     .   (gloves currently unavailable)
MR       .....     NoTele   +   (boots currently unavailable)
Stlth    ++........             (no amulet)
HPRegen  0.16/turn              (no ring)
MPRegen  0.09/turn              (no ring)

@: tree-form
A: negative energy resistance 1, evolution 1, petrification resistance, rot
immunity, AC +4
a: no special abilities


You were on level 3 of the Dungeon.
You were not hungry.
You were a tree.
You visited 1 branch of the dungeon, and saw 3 of its levels.

You collected 148 gold pieces.

Inventory:

Hand Weapons
 a - a +0 short sword (weapon)
Armour
 b - a +0 leather armour
 i - a cursed +0 helmet (melded)
 m - a +1 plate armour of fire resistance (melded)
Scrolls
 d - a scroll of remove curse {unknown}
 e - 2 scrolls of blinking {unknown}
 f - a scroll of amnesia {unknown}
 g - a scroll of fog {unknown}
 h - 4 scrolls of identify {unknown}
 j - 3 scrolls of noise {unknown}
 k - 3 scrolls of teleportation {unknown}
 p - a scroll of random uselessness {unknown}
Potions
 l - a potion of might
 o - a potion of lignification
Comestibles
 c - 4 rations
 n - 4 chunks of flesh


   Skills:
 + Level 4.1 Fighting
 * Level 4.0 Short Blades
 + Level 2.0 Armour
 + Level 3.0 Dodging
 + Level 3.4 Stealth


You had 4 spell levels left.
You didn't know any spells.
Your spell library was empty.

Dungeon Overview and Level Annotations

Branches:
Dungeon (3/15)

Altars:
Vehumet


Innate Abilities, Weirdness & Mutations

You are resistant to torment.
((Your stone body is resilient. (AC +4)))
You are immune to poison.
You resist negative energy. (rN+)
((You are resistant to electric shocks. (rElec)))
((You can survive without breathing.))
You are immune to petrification.
You are immune to rotting.
((You have a pair of small horns on your head.))
You evolve.


Message History

You completely miss the orc priest.
The orc priest hits you but does no damage.
The orc hits you with a +0 dagger.
You hit the orc priest but do no damage.
The orc priest invokes the aid of Beogh against you.
Beogh smites you!
* * * LOW HITPOINT WARNING * * *
You completely miss the orc priest. The orc hits you but does no damage.
The orc priest hits you but does no damage.
You hit the orc priest.
The orc priest is moderately wounded.
The orc priest looks satisfied for a moment.
The orc hits you but does no damage.
The orc priest hits you but does no damage.
It was a potion of mutation.
You feel extremely strange. A pair of horns grows on your head!
You feel nature experimenting on you.
Don't worry, failures die fast.
The orc priest mumbles some strange prayers to Beogh against you.
Beogh smites you!
You die...

#.#.# #..#
#.#.#######..####
#................
###.#####.[...###
#####.# #......#
#.....#####......#
#.###..............
#.#################
#.♣o......
#.#o..#?..
#..o......
###...#... $......
#######


You could see 2 orc priests and an orc.

Vanquished Creatures
  Robin (D:3)
  4 gnolls
  4 adders
  An ooze (D:1)
  5 dart slugs
  3 leopard geckos
  An orc (D:3)
  7 bats
  2 giant cockroaches
  18 goblins
  8 hobgoblins
  14 jackals
  11 kobolds
  A quokka (D:2)
  2 ball pythons
  4 frilled lizards
  8 rats
94 creatures vanquished.

Notes
Turn   | Place    | Note
-------+----------+-------------------------------------------
     0 | D:1      | Borgoz the Gargoyle Monk began the quest for the Orb.
     0 | D:1      | Reached XP level 1. HP: 14/14 MP: 1/1
    59 | D:1      | Reached XP level 2. HP: 7/19 MP: 2/2
   537 | D:1      | Reached XP level 3. HP: 19/23 MP: 3/3
   609 | D:1      | Reached skill level 1 in Armour
  1396 | D:2      | Reached XP level 4. HP: 23/29 MP: 4/4
  2500 | D:3      | Noticed Robin
  2517 | D:3      | Reached XP level 5. HP: 32/33 MP: 5/5
  2566 | D:3      | Killed Robin
  2809 | D:3      | Found a radiant altar of Vehumet.
  3129 | D:3      | Gained mutation: You have a pair of small horns on your
                  | head. [potion of mutation]
  3129 | D:3      | Gained mutation: You evolve. [potion of mutation]
  3129 | D:3      | Killed from afar by an orc priest

Levels and vault maps discovered:
D:1:      dpeg_arrival_another_circle, layout_basic
D:2:      layout_loops_ring, dk_noncrumbling_3, kennysheep_path_1, minmay_tall_x
D:3:      layout_loops_ring, lemuel_coloured_pillars_altar, lemuel_doored_altar,
          uniq_robin

Skill      XL: |  1  2  3  4  5 |
---------------+----------------+-----
Short Blades   | 3 4 |  4.0
Armour         | 1 2 |  2.0
Stealth        | 3 |  3.4
Fighting       | 4 |  4.1
Dodging        | 3 |  3.0

Action                   |  1- 3 |  4- 6 || total
-------------------------+-------+-------++-------
Melee: Short sword       |   162 |   271 ||   433
  Use: Potion            |       |     5 ||     5
 Stab: Sleeping          |     4 |     1 ||     5
  Eat: Chunk             |     2 |     6 ||     8
Armor: Robe              |    46 |       ||    46
       Leather armour    |    21 |    35 ||    56
       Skin              |       |    13 ||    13
       Plate armour      |       |   114 ||   114
Dodge: Dodged            |   149 |   102 ||   251

Table legend:
 A = Non-vault XP
 B = Vault XP
 C = Vault XP percentage of total XP
 D = Non-vault monster count
 E = Vault monster count
 F = Vault count percentage of total count
                 A         B        C        D         E       F
            +---------+---------+-------+---------+---------+-------
      Total |     223 |      71 |  24.1 |      78 |      16 |  17.0
            +---------+---------+-------+---------+---------+-------
        D:1 |      66 |       0 |   0.0 |      33 |       0 |   0.0
        D:2 |      57 |      33 |  36.7 |      24 |       4 |  14.3
        D:3 |     100 |      38 |  27.5 |      21 |      12 |  36.4
            +---------+---------+-------+---------+---------+-------
